 Dungeon Crawl Stone Soup version 0.32-a0-913-g739538afd8 (webtiles) character file.

Game seed: 13985498194353901448

6 Adrian566 the Chopper (level 1, 6/16 HPs)
             Began as a Coglin Gladiator on Apr 9, 2024.
             Quit the game on level 1 of the Dungeon.
             The game lasted 00:00:32 (205 turns).

Adrian566 the Chopper (Coglin Gladiator)             Turns: 205, Time: 00:00:33

Health: 6/16       AC:  4    Str: 14    XL:     1   Next: 90%
Magic:  1/1        EV: 11    Int:  7    God:
Gold:   16         SH:  0    Dex: 15    Spells: 0/0 levels left

rFire   . . .        a - +0 war axe {Sebastián}
rCold   . . .        f - +0 dagger {Mirko}
rNeg    . . .        b - +0 leather armour
rPois   .            c - +0 helmet
rElec   .            (no cloak)
rCorr   .            (no gloves)
SInv    .            (no boots)
Will    .....        (amulet unavailable)
Stlth   +            (ring unavailable)
HPRegen 0.22/turn    (ring unavailable)
MPRegen 0.07/turn    (no gizmo)

%: no passive effects
@: revving
A: off-hand wielding, slow wielding, warmup strikes, no jewellery
a: Invent Gizmo


You were on level 1 of the Dungeon.
You visited 1 branch of the dungeon, and saw 1 of its levels.

You collected 16 gold pieces.

Inventory:

Hand Weapons
 a - a +0 war axe (weapon) {Sebastián}
 f - a +0 dagger (offhand) {Mirko}
Missiles
 d - 3 throwing nets (quivered)
 e - a javelin
Armour
 b - a +0 leather armour (worn)
 c - a +0 helmet (worn)
Potions
 g - a potion of curing {unknown}


   Skills:
 + Level 2.0 Fighting
 + Level 3.0 Axes
 + Level 1.9 Throwing
 + Level 2.9 Dodging


You couldn't memorise any spells.
You didn't know any spells.
Your spell library was empty.

Dungeon Overview and Level Annotations

Branches:
Dungeon (1/15)

Altars:


Innate Abilities, Weirdness & Mutations

You can wield a second weapon in your off-hand.
It takes a long time for you to wield or remove held weapons.
Your first few attacks do less damage.
You cannot equip rings or amulets.


Message History

You are too injured to fight recklessly!
Unknown command.
You are too injured to fight recklessly!
The quokka closely misses you.
You barely miss the quokka with your +0 dagger.
You barely miss the quokka with your +0 war axe.
The quokka barely misses you.
You hit the quokka with your +0 dagger.
The quokka is lightly wounded.
You barely miss the quokka with your +0 war axe.
The quokka bites you.
You closely miss the quokka with your +0 dagger.
The quokka is lightly wounded.
You closely miss the quokka with your +0 war axe.
The quokka twitches its whiskers.
The quokka bites you but does no damage. x2
You hit the quokka with your +0 dagger.
The quokka is heavily wounded.
You hit the quokka with your +0 war axe.
The quokka bites you but does no damage.
You slash the quokka with your +0 war axe!
You kill the quokka!
You barely miss the hobgoblin with your +0 dagger.
The hobgoblin is severely wounded.
You closely miss the hobgoblin with your +0 war axe.
The hobgoblin hits you. x2
* * * LOW HITPOINT WARNING * * *
You barely miss the hobgoblin with your +0 dagger.
The hobgoblin is severely wounded.
You barely miss the hobgoblin with your +0 war axe.
The hobgoblin closely misses you.
You hit the hobgoblin but do no damage.
The hobgoblin is severely wounded.
You hit the hobgoblin but do no damage. The hobgoblin closely misses you.
You closely miss the hobgoblin with your +0 dagger.
The hobgoblin is heavily wounded.
You slash the hobgoblin with your +0 war axe!
You kill the hobgoblin!
You see here an amulet of regeneration.
Are you sure you want to abandon this character and quit the game? (Confirm with "yes".)

#.## #.#. #. #... #
#.# .#### #. #.#
..... ##.####.#
.#### ......#.# #
##.....$#######....
....
...........@....#
..##
#........#######
##......## #####.##
# #.# #.# # #.# #.#
##'## #.# ##...##
... # ##>....## ###
#.# ##


There were no monsters in sight!

Vanquished Creatures
  3 hobgoblins (D:1)
  A quokka (D:1)
  A rat (D:1)
5 creatures vanquished.

Notes
Turn   | Place    | Note
-------+----------+-------------------------------------------
     0 | D:1      | Adrian566 the Coglin Gladiator began the quest for the Orb.
     0 | D:1      | Reached XP level 1. HP: 16/16 MP: 1/1
   205 | D:1      | Quit the game

Illustrated notes

Levels and vault maps discovered:
D:1:      zelgadis_glass_arrival_small, layout_loops_corners,
          shapermc_ecumenical_altar_pompeii, serial_shops,
          nicolae_shop_peninsula

Action                     || total
---------------------------++-------
  Melee: War axe           ||    19
         Dagger            ||    16
 Armour: Leather armour    ||    12
  Dodge: Dodged            ||     7

Table legend: (Time is in decaauts)
 A = Elapsed time spent in this place.
 B = Non-inter-level travel time spent in this place.
 C = Inter-level travel time spent in this place.
 D = Time resting spent in this place.
 E = Time spent auto-exploring this place.
 F = Levels seen in this place.
 G = Mean time per level.
                   A        B        C        D        E       F      G
               +--------+--------+--------+--------+--------+-----+--------+
         Total |    208 |    208 |      0 |      0 |    165 |   1 |  208.0 |
       Dungeon |    208 |    208 |      0 |      0 |    165 |   1 |  208.0 |
               +--------+--------+--------+--------+--------+-----+--------+

Top non-repeatable levels by time:
     D:1: 208 daAuts
